 Dungeon Crawl Stone Soup version 0.23-a0-241-g3b46b07 (webtiles) character file.

27 galech the Skirmisher (level 2, 15/24 HPs)
             Began as a Demonspawn Fighter on Sept 27, 2018.
             Quit the game on level 1 of the Dungeon.
             The game lasted 00:00:37 (223 turns).

galech the Skirmisher (Demonspawn Fighter)           Turns: 223, Time: 00:00:38

Health: 15/24      AC:  7    Str: 16    XL:     2   Next: 93%
Magic:  2/2        EV:  6    Int:  9    God:
Gold:   23         SH:  8    Dex: 12    Spells: 1/1 levels left

rFire    . . .     SeeInvis .   a - +0 war axe
rCold    . . .     Gourm    .   c - +0 shield
rNeg     . . .     Faith    .   b - +0 scale mail
rPois    .         Spirit   .   (helmet restricted)
rElec    .         Reflect  .   i - +0 cloak
rCorr    .         Harm     .   (no gloves)
MR       .....                  (no boots)
Stlth    ..........             (no amulet)
HPRegen  0.08/turn              (no ring)
MPRegen  0.08/turn              (no ring)

@: no status effects
A: horns 1
a: no special abilities


You were on level 1 of the Dungeon.
You were not hungry.

You visited 1 branch of the dungeon, and saw 1 of its levels.

You collected 23 gold pieces.

Inventory:

Hand Weapons
 a - a +0 war axe (weapon)
Armour
 b - a +0 scale mail (worn)
 c - a +0 shield (worn)
 i - a +0 cloak (worn)
Scrolls
 j - 2 scrolls of enchant weapon {unknown}
Potions
 d - a potion of might
 e - 4 potions of curing {unknown}
 g - a potion of agility {unknown}
 k - a potion of heal wounds {unknown}
Comestibles
 f - a ration
 h - 4 chunks of flesh


   Skills:
 + Level 3.2 Fighting
 + Level 2.2 Axes
 + Level 2.9 Armour
 + Level 3.0 Shields


You had one spell level left.
You didn't know any spells.
Your spell library was empty.

Dungeon Overview and Level Annotations

Branches:
Dungeon (1/15)

Altars:


Innate Abilities, Weirdness & Mutations

You have a pair of small horns on your head.


Message History

The jackal bites you but does no damage.
You closely miss the jackal.
The jackal is moderately wounded.
You hit the jackal but do no damage. You block the jackal's attack.
The jackal closely misses you. The jackal completely misses you.
You block the jackal's attack.
Some of the chunks of flesh in your inventory have rotted away.
Unknown command.
You barely miss the jackal.
The jackal is moderately wounded.
You barely miss the jackal.
The jackal bites you but does no damage.
You block the jackal's attack.
The jackal bites you but does no damage. x2
Unknown command.
Unknown command.
You slash the jackal!
You kill the jackal!
You barely miss the jackal. The jackal bites you. The jackal barely misses you.
Are you sure you want to abandon this character and quit the game? (Confirm

............
............ ....##...#
.. ....##...# .####
.........## ...#
(......#..####..#
...###..........##
...###...........##.##
......#.......##@....#
...##..........†.h...#
...###...#######.......#
...# ###.# ##......#
#### #.### ......# #...#
#.....# ##### .....#
..!..#


You could see a jackal.

Vanquished Creatures
  2 dart slugs (D:1)
  2 giant cockroaches (D:1)
  A goblin (D:1)
  2 hobgoblins (D:1)
  5 jackals (D:1)
  A ball python (D:1)
  2 bats (D:1)
  3 frilled lizards (D:1)
  3 kobolds (D:1)
  A rat (D:1)
22 creatures vanquished.

Notes
Turn   | Place    | Note
-------+----------+-------------------------------------------
     0 | D:1      | galech the Demonspawn Fighter began the quest for the Orb.
     0 | D:1      | Reached XP level 1. HP: 18/18 MP: 1/1
    66 | D:1      | Gained mutation: You have a pair of small horns on your
                  | head. [demonic ancestry]
    66 | D:1      | Reached XP level 2. HP: 16/24 MP: 2/2
   223 | D:1      | Quit the game

Vault maps used:
D:1:      scummos_arrival_simple_crosswalls

Skill      XL: |  1  2 |
---------------+-------+-----
Axes           | 2 |  2.2
Shields        | 3 |  3.0
Fighting       | |  3.2
Armour         | |  2.9

Action                   || total
-------------------------++-------
Melee: War axe           ||    47
       Headbutt          ||     5
Armor: Scale mail        ||    27
Dodge: Dodged            ||    15
Block: Shield            ||    32

Table legend:
 A = Non-vault XP
 B = Vault XP
 C = Vault XP percentage of total XP
 D = Non-vault monster count
 E = Vault monster count
 F = Vault count percentage of total count
                 A         B        C        D         E       F
            +---------+---------+-------+---------+---------+-------
      Total |      39 |       0 |   0.0 |      22 |       0 |   0.0
            +---------+---------+-------+---------+---------+-------
        D:1 |      39 |       0 |   0.0 |      22 |       0 |   0.0
            +---------+---------+-------+---------+---------+-------
